 Dungeon Crawl Stone Soup version 0.30-a0-860-g512cf1e979 (webtiles) character file.

Game seed: 6104147196470270275

620 M4edhros the Slasher (level 7, -6/41 HPs)
             Began as an Octopode Chaos Knight on Mar 7, 2023.
             Was a Plaything of Xom.
             Mangled by a gnoll sergeant
             ... wielding a +3 heavy spear
              (18 damage)
             ... on level 5 of the Dungeon.
             The game lasted 00:06:49 (23255 turns).

M4edhros the Slasher (Octopode Chaos Knight)       Turns: 23255, Time: 00:06:50

Health: -6/41      AC:  6    Str:  9 (11) XL:     7   Next: 46%
Magic:  16/16      EV: 11    Int: 11      God:    Xom [*.....]
Gold:   375        SH:  8    Dex: 15      Spells: 6/6 levels left

rFire   + . .      SeeInvis .    l - +2 long sword (chaos)
rCold   x . .      Faith    .    B - +1 kite shield {AC+3}
rNeg    + . .      Spirit   .    A - +2 hat
rPois   .          Reflect  .    (no amulet)
rElec   +          Rampage  .    o - ring "Viyprec" {Fire rElec rN+ Dex+4 Slay+3}
rCorr   .                        d - ring of magical power
Will    .....                    (no ring)
Stlth   ++                       (no ring)
HPRegen 0.26/turn                (no ring)
MPRegen 0.15/turn                (no ring)
                                 (no ring)
                                 (no ring)

@: no status effects
A: almost no armour, amphibious, 8 rings, camouflage 1, gelatinous body 1,
(nimble swimmer 1), tentacles, clumsy 1, deterioration 1, dopey 2, frail 1,
electricity resistance
a: Renounce Religion


You were on level 5 of the Dungeon.
You worshipped Xom.
You were a special plaything of Xom.
You visited 1 branch of the dungeon, and saw 5 of its levels.

You collected 375 gold pieces.

Inventory:

Hand Weapons
 a - a +0 mace of chaos
 l - a +2 long sword of chaos (weapon)
Missiles
 g - 8 poisoned darts (quivered)
 m - 3 datura-tipped darts
 z - 28 stones
Armour
 A - a +2 hat (worn)
 B - a +1 kite shield of protection (worn)
Magical Staves
 n - a staff of conjuration
Jewellery
 d - a ring of magical power (right tentacle)
 o - the ring "Viyprec" (left tentacle) {Fire rElec rN+ Dex+4 Slay+3}
   (Xom gifted it to you on level 1 of the Dungeon)

   [ring of fire]

   It enhances your fire magic.
   Dex:       It affects your dexterity (+4).
   Slay:      It affects your accuracy & damage with ranged weapons and melee
   (+3).
   rF:        It protects you from fire.
   rC:        It makes you vulnerable to cold.
   rElec:     It insulates you from electricity.
   rN:        It protects you from negative energy.
Wands
 k - a wand of digging (2)
 y - a wand of roots (3)
 H - a wand of flame (15)
Scrolls
 e - 4 scrolls of immolation {unknown}
 i - 2 scrolls of poison {unknown}
 p - 4 scrolls of identify {unknown}
 q - 2 scrolls of fog {unknown}
 r - 3 scrolls of teleportation {unknown}
 s - a scroll of torment {unknown}
 t - 3 scrolls of noise {unknown}
 D - a scroll of blinking {unknown}
 E - 2 scrolls of enchant weapon {unknown}
 F - a scroll of magic mapping {unknown}
 G - a scroll of enchant armour {unknown}
Potions
 c - a potion of magic {unknown}
 f - a potion of curing {unknown}
 h - 2 potions of heal wounds {unknown}
 j - 3 potions of haste {unknown}
 u - 2 potions of berserk rage {unknown}
 v - a potion of flight {unknown}
 w - a potion of brilliance
 x - a potion of attraction {unknown}
 I - 2 potions of cancellation {unknown}
Miscellaneous
 b - a piece from Xom's chessboard (15/15)
 C - a condenser vane


   Skills:
 - Level 3.0 Fighting
 * Level 7.0 Long Blades
 - Level 4.3 Maces & Flails
 - Level 2.3 Dodging


You had 6 spell levels left.
You didn't know any spells.
Your spell library contained the following spells:

 Spells                   Type           Power      Damage    Failure   Level
 Lesser Beckoning         Tloc           0%         N/A       89%         2
 Gell's Gravitas          Tloc           0%         N/A       98%         3
 Inner Flame              Hex/Fire       0%         N/A       98%         3
 Teleport Other           Tloc           0%         N/A       98%         3
 Flame Wave               Conj/Fire      0%         2d4       100%        4
 Sticky Flame             Conj/Fire      0%         2d3       100%        4


Dungeon Overview and Level Annotations

Branches:
Dungeon (5/15)
 Temple: D:4-7

Altars:
Fedhas
Gozag
Kikubaaqudgha
Wu Jian
Xom

Shops:
D:1 *   D:3 [

Annotations:
D:2 1 runed translucent door, Crazy Yiuf


Innate Abilities, Weirdness & Mutations

You cannot wear most types of armour.
You are amphibious.
You can wear up to eight rings at the same time.
Your skin changes colour to match your surroundings (Stealth+).
Your rubbery body absorbs attacks. (AC +1, EV +1)
((You are camouflaged when in or above water. (Stealth+)))
You have tentacles for arms and can constrict up to eight enemies at once.
You are clumsy. (Dex -2)
Your body sometimes deteriorates upon taking damage.
You are very dopey. (Int -4)
You are frail. (-10% HP)
You are resistant to electric shocks. (rElec)


Message History

You tentacle-slap the gnoll, but do no damage.
You constrict the gnoll, but do no damage.
You block the gnoll's attack.
You slash the gnoll!
The gnoll is almost dead.
You constrict the gnoll.
You kill the gnoll!
The gnoll hits you with a +0 flail!
Your Long Blades skill increases to level 7!
You closely miss the gnoll. You grab the gnoll. You constrict the gnoll.
The gnoll escapes!
The gnoll hits you with a +0 flail!
Your body deteriorates!
You feel weakened.
You slash the gnoll! You burn the gnoll.
You kill the gnoll!
The gnoll barely misses you.
Unknown command.
You hit the gnoll.
You feel better.
Your grab misses the gnoll.
The gnoll is lightly wounded.
The gnoll sergeant hits you from afar with a +3 heavy spear!
You block the gnoll's attack. The gnoll hits you with a +0 flail!
* * * LOW HITPOINT WARNING * * *
Unknown command.
You are too injured to fight recklessly!
Okay, then.
Okay, then.
Okay, then.
Aiming: Fastroot
Press: ? - help, Shift-Dir - straight line, f - gnoll
Aim: a gnoll, wielding a +0 halberd The roots erupt in riotous growth!
Roots grab the gnoll.
Roots grab the gnoll sergeant.
Roots grab the gnoll.
The grasping roots constrict the gnoll sergeant.
The grasping roots constrict the gnoll!
The grasping roots constrict the gnoll.
You hear a bark!
The gnoll closely misses you.
The gnoll struggles to escape constriction.
The gnoll sergeant hits you from afar with a +3 heavy spear!!
You die...
Xom chuckles heartily!

#........# .....
#........###
.....
#.......!..##..
##).............
#............#.
#.......†....#
#.##...#..##.#
#.##.).##....#
......gg@..#..#
......g....#.##
...........# #
...........#
....#####..+
.... #.# .#. .#
.#


You could see a gnoll sergeant (rooted) and 2 gnolls.

Vanquished Creatures
  Duvessa (D:5)
  A centaur (D:4)
  An ogre (D:4)
  A scorpion (D:4)
  Dowan (D:5)
  A hound (D:5)
  Jessica (D:3)
  Terence (D:3)
  Ijyb (D:4)
  2 gnolls (D:5)
  4 adders
  A worm (D:4)
  3 dart slugs
  3 bats
  7 endoplasms
  2 giant cockroaches
  5 goblins
  10 hobgoblins
  4 jackals (D:4)
  4 quokkas
  7 ball pythons
  5 frilled lizards
  4 kobolds
  4 rats
  3 rat zombies (D:3)
77 creatures vanquished.

Notes
Turn   | Place    | Note
-------+----------+-------------------------------------------
     0 | D:1      | M4edhros the Octopode Chaos Knight began the quest for the
                  | Orb.
     0 | D:1      | Reached XP level 1. HP: 16/16 MP: 1/1
    58 | D:1      | XOM: silly message
   104 | D:1      | Reached XP level 2. HP: 21/21 MP: 2/2
   125 | D:1      | XOM: divination: detect creatures
   373 | D:1      | Found Jagaly Namne's Assorted Antiques.
   608 | D:1      | XOM: divination: detect creatures
   861 | D:1      | XOM is BORED!
   861 | D:1      | XOM: summons 2 hostile demons
   935 | D:2      | Reached XP level 3. HP: 24/26 MP: 3/3
  1323 | D:1      | XOM: silly message
  1548 | D:1      | XOM: noise
  1682 | D:1      | XOM: god gift: 26 gold pieces
  2680 | D:1      | XOM: silly message
  4201 | D:1      | XOM: god gift: runed long sword {god gift}
  4840 | D:1      | XOM: summons 1 hostile demon
  5966 | D:1      | XOM: god gift: 3 datura-tipped darts
  6108 | D:1      | XOM: give mutation
  7277 | D:1      | XOM: god gift: inky potion {god gift}
  8579 | D:1      | XOM: god gift: staff of conjuration
  9192 | D:1      | XOM: give mutations
  9192 | D:1      | Gained mutation: You expend magic power (3 MP) to
                  | strengthen your wands. [Xom's grace]
  9192 | D:1      | Gained mutation: Your mind is acute. (Int +4, Str/Dex -1)
                  | [Xom's grace]
  9235 | D:1      | Identified the ring "Viyprec" {Fire rElec rN+ Dex+4 Slay+3}
                  | (Xom gifted it to you on level 1 of the Dungeon)
  9235 | D:1      | XOM: god gift: ring "Viyprec" {Fire rElec rN+ Dex+4 Slay+3}
  9368 | D:1      | XOM is BORED!
  9368 | D:1      | XOM: give mutations
  9368 | D:1      | Lost mutation: Your mind is acute. (Int +4, Str/Dex -1)
                  | [Xom's mischief]
  9368 | D:1      | Gained mutation: You are dopey. (Int -2) [Xom's mischief]
  9368 | D:1      | Gained mutation: You are resistant to electric shocks.
                  | (rElec) [Xom's mischief]
  9436 | D:1      | XOM: give mutations
  9436 | D:1      | Gained mutation: Your flesh is cold resistant. (rC+) [Xom's
                  | grace]
  9436 | D:1      | Gained mutation: Your muscles are strong. (Str +4, Int/Dex
                  | -1) [Xom's grace]
  9436 | D:1      | Gained mutation: You are partially covered in iridescent
                  | scales. (AC +2) [Xom's grace]
  9436 | D:1      | Gained mutation: Your spells are a little harder to cast,
                  | but a little more powerful. [Xom's grace]
  9706 | D:1      | XOM: god gift: 52 gold pieces
  9848 | D:1      | XOM: noise
  9954 | D:1      | XOM: give mutations
  9954 | D:1      | Lost mutation: You are partially covered in iridescent
                  | scales. (AC +2) [Xom's mischief]
  9954 | D:1      | Lost mutation: Your muscles are strong. (Str +4, Int/Dex
                  | -1) [Xom's mischief]
  9982 | D:1      | XOM: give mutations
  9982 | D:1      | Lost mutation: You expend magic power (3 MP) to strengthen
                  | your wands. [Xom's mischief]
  9982 | D:1      | Lost mutation: Your flesh is cold resistant. (rC+) [Xom's
                  | mischief]
  9982 | D:1      | Lost mutation: Your spells are a little harder to cast, but
                  | a little more powerful. [Xom's mischief]
 10278 | D:1      | XOM: draining
 10989 | D:1      | Glimpsed the power of Zot.
 11083 | D:2      | Found an ornate altar of the Wu Jian Council.
 11230 | D:2      | Reached skill level 1 in Long Blades
 11310 | D:2      | Found a runed translucent door.
 11311 | D:2      | Noticed Crazy Yiuf
 11484 | D:2      | Glimpsed the power of Zot.
 11560 | D:2      | XOM is BORED!
 11560 | D:2      | XOM: give mutation
 11560 | D:2      | Lost mutation: You are dopey. (Int -2) [Xom's mischief]
 11665 | D:3      | Found Duarch's Armour Shop.
 11665 | D:3      | XOM: noise
 11708 | D:3      | Found an ancient bone altar of Kikubaaqudgha.
 11760 | D:3      | Found an opulent altar of Gozag.
 11798 | D:3      | Noticed Terence
 11801 | D:3      | Reached XP level 4. HP: 31/31 MP: 4/4
 11804 | D:3      | XOM: 1-stop teleportation journey
 11826 | D:3      | Found a blossoming altar of Fedhas.
 11838 | D:3      | Noticed Jessica
 11846 | D:3      | Killed Jessica
 11847 | D:3      | Reached skill level 2 in Long Blades
 11865 | D:3      | XOM: summons 3 hostile demons
 11896 | D:3      | XOM: fake destruction
 11898 | D:3      | Killed Terence
 11918 | D:3      | XOM: silly message
 12054 | D:3      | XOM: divination: magic mapping
 12097 | D:3      | Found a faded altar of an unknown god.
 12104 | D:3      | XOM: divination: magic mapping
 12218 | D:3      | Reached skill level 3 in Long Blades
 12265 | D:3      | Reached XP level 5. HP: 36/36 MP: 5/5
 12497 | D:2      | XOM: silly message
 12946 | D:2      | XOM: silly message
 13137 | D:2      | XOM: give mutation
 13137 | D:2      | Gained mutation: You are dopey. (Int -2) [Xom's mischief]
 13886 | D:2      | XOM: silly message
 14036 | D:2      | XOM: god gift: 2 stones
 14640 | D:2      | XOM: scenery: summon butterflies
 14873 | D:2      | XOM: god gift: +2 hat
 14966 | D:2      | XOM: give mutation
 14966 | D:2      | Gained mutation: You have a pair of small antennae on your
                  | head. [Xom's grace]
 15052 | D:2      | XOM: scenery: create altars
 15795 | D:2      | XOM: give mutations
 15795 | D:2      | Gained mutation: You are very dopey. (Int -4) [Xom's
                  | mischief]
 15795 | D:2      | Gained mutation: You are weak. (Str -2) [Xom's mischief]
 16077 | D:2      | XOM: summons 3 hostile demons
 16078 | D:2      | Noticed a soul eater
 16198 | D:3      | XOM: stat loss: -1 Dex (16/17)
 16657 | D:2      | XOM: give mutations
 16657 | D:2      | Lost mutation: You are weak. (Str -2) [Xom's mischief]
 16657 | D:2      | Gained mutation: Your muscles are strong. (Str +4, Int/Dex
                  | -1) [Xom's mischief]
 16657 | D:2      | Gained mutation: You are frail. (-10% HP) [Xom's mischief]
 16959 | D:2      | XOM: god gift: +1 kite shield of protection
 16973 | D:2      | Glimpsed the power of Zot.
 17335 | D:2      | XOM: god gift: condenser vane
 17473 | D:2      | Glimpsed the power of Zot.
 17555 | D:4      | Noticed an ogre
 17560 | D:4      | Killed an ogre
 17561 | D:4      | Reached skill level 4 in Long Blades
 17706 | D:4      | Reached XP level 6. HP: 37/37 MP: 6/6
 17855 | D:4      | XOM: cleaving
 17863 | D:4      | Reached skill level 5 in Long Blades
 17928 | D:4      | Noticed Ijyb
 17931 | D:4      | Killed Ijyb
 17970 | D:4      | XOM: cleaving
 18861 | D:3      | XOM: torment (22/37 hp)
 19144 | D:3      | XOM: summons 4 hostile demons
 19429 | D:3      | XOM: summons 4 hostile demons
 20481 | D:3      | XOM: summons 1 hostile demon
 20742 | D:3      | XOM: noise
 21159 | D:3      | XOM: god gift: 6 stones
 21590 | D:3      | XOM: god gift: 54 gold pieces
 22431 | D:3      | XOM: give mutations
 22431 | D:3      | Gained mutation: Your body sometimes deteriorates upon
                  | taking damage. [Xom's mischief]
 22431 | D:3      | Lost mutation: You have a pair of small antennae on your
                  | head. [Xom's mischief]
 22431 | D:3      | Lost mutation: Your muscles are strong. (Str +4, Int/Dex
                  | -1) [Xom's mischief]
 22431 | D:3      | Gained mutation: You are clumsy. (Dex -2) [Xom's mischief]
 22958 | D:3      | Glimpsed the power of Zot.
 22979 | D:5      | Entered Level 5 of the Dungeon
 22994 | D:5      | Noticed Dowan
 22994 | D:5      | XOM: cleaving
 23031 | D:5      | XOM: confusion (+ monsters)
 23036 | D:5      | XOM: summons friendly quasit
 23048 | D:5      | Noticed Duvessa
 23055 | D:5      | Killed Duvessa
 23056 | D:5      | Reached skill level 6 in Long Blades
 23056 | D:5      | Reached XP level 7. HP: 7/41 MP: 7/7
 23126 | D:4      | XOM: stat loss: -1 Str (10/11)
 23132 | D:5      | Killed Dowan
 23251 | D:5      | Reached skill level 7 in Long Blades
 23255 | D:5      | Mangled by a gnoll sergeant

Illustrated notes

Levels and vault maps discovered:
D:1:      amcnicky_arrival_flooded_fountain, layout_rooms, serial_shops,
          nicolae_shop_competitors_out_of_business
D:2:      layout_loops_ring, basic_altar, uniq_crazy_yiuf_cottage
D:3:      layout_basic, fedhas_ov_isle_minmay,
          lemuel_zombie_altar_kikubaaqudgha, grunt_gozag_breadcrumbs,
          shapermc_ecumenical_altar_mp_vishouse, serial_shops,
          nicolae_shop_crystal, uniq_terence, uniq_jessica
D:4:      layout_basic, uniq_ijyb
D:5:      layout_basic, mainiacjoe_overflow_surrounded_room,
          hangedman_abyss_or_decor_passed, chequers_mini_garden,
          kennysheep_cluttered_room, uniq_duvessa

Skill      XL: |  1  2  3  4  5  6  7 |
---------------+----------------------+-----
Maces & Flails | 4 |  4.3
Long Blades    | 1 3 4 6 7 |  7.0
Fighting       | |  3.0
Dodging        | |  2.3

Action                     |  1- 3 |  4- 6 |  7- 9 || total
---------------------------+-------+-------+-------++-------
  Melee: Mace              |    43 |       |       ||    43
         Constrict         |    13 |    14 |     4 ||    31
         Tentacles         |    11 |    16 |     2 ||    29
         Long sword        |    27 |    61 |    10 ||    98
         Punch             |       |     3 |     1 ||     4
  Throw: Dart              |       |     5 |       ||     5
  Evoke: Wand              |       |     1 |     1 ||     2
    Use: Potion            |     1 |     1 |       ||     2
   Stab: Sleeping          |     9 |     7 |       ||    16
 Armour: Skin              |    10 |    19 |     1 ||    30
  Dodge: Dodged            |    68 |    38 |     3 ||   109
  Block: Kite shield       |       |    17 |     4 ||    21

Table legend: (Time is in decaauts)
 A = Elapsed time spent in this place.
 B = Non-inter-level travel time spent in this place.
 C = Inter-level travel time spent in this place.
 D = Time resting spent in this place.
 E = Time spent auto-exploring this place.
 F = Levels seen in this place.
 G = Mean time per level.
                   A        B        C        D        E       F      G
               +--------+--------+--------+--------+--------+-----+--------+
         Total |  23302 |  23112 |    190 |  20239 |   2217 |   5 | 4660.4 |
       Dungeon |  23302 |  23112 |    190 |  20239 |   2217 |   5 | 4660.4 |
               +--------+--------+--------+--------+--------+-----+--------+

Top non-repeatable levels by time:
     D:1: 10847 daAuts
     D:2: 5763 daAuts
     D:3: 5510 daAuts
     D:4: 969 daAuts
     D:5: 211 daAuts
